 Dungeon Crawl Stone Soup version 0.28.0-45-g0d030f2227 (webtiles) character file.

Game seed: 1333125089488942064

2 pkoi the Gusty (level 1, -1/14 HPs)
             Began as a Demigod Air Elementalist on Apr 18, 2022.
             Succumbed to an adder's poison
             ... on level 2 of the Dungeon.
             The game lasted 00:00:26 (77 turns).

pkoi the Gusty (Demigod Air Elementalist)             Turns: 77, Time: 00:00:26

Health: -1/14      AC:  2    Str:  9    XL:     1   Next: 20%
Magic:  0/5        EV: 12    Int: 17    God:
Gold:   6          SH:  0    Dex: 14    Spells: 2/3 levels left

rFire   . . .      SeeInvis .   (no weapon)
rCold   . . .      Faith    .   (no shield)
rNeg    . . .      Spirit   .   a - +0 robe
rPois   .          Reflect  .   (no helmet)
rElec   .          Harm     .   (no cloak)
rCorr   .          Rampage  .   (no gloves)
Will    .....                   (no boots)
Stlth   ++........              (no amulet)
HPRegen 0.04/turn               (no ring)
MPRegen 0.09/turn               (no ring)

@: lethally poisoned (-1 -> -14)
A: high MP 1, forlorn, divine attributes
a: no special abilities


You were on level 2 of the Dungeon.
You visited 1 branch of the dungeon, and saw 2 of its levels.

You collected 6 gold pieces.

Inventory:

Armour
 a - a +0 robe (worn)


   Skills:
 - Level 1.7 Dodging
 - Level 1.7 Stealth
 - Level 1.7 Spellcasting
 + Level 1.0 Conjurations
 * Level 2.8 Air Magic


You had 2 spell levels left.
You knew the following spells:

 Your Spells              Type           Power      Damage    Failure   Level
a - Shock                 Conj/Air       28%        1d4       9%          1

Your spell library contained the following spells:

 Spells                   Type           Power      Damage    Failure   Level
 Static Discharge         Conj/Air       7%         N/A       14%         2
 Swiftness                Air            11%        N/A       19%         3
 Airstrike                Air            5%         N/A       54%         4


Dungeon Overview and Level Annotations

Branches:
Dungeon (1/15)


Innate Abilities, Weirdness & Mutations

You have an increased reservoir of magic. (+10% MP)
You shall have no god before yourself.
Your divine heritage dramatically boosts your attributes as you level up.


Message History

You kill the goblin!
The frilled lizard closely misses you.
Aiming: Shock (safe; 10% risk of failure)
Press: ? - help, Q - select action Shift-Dir - straight line, f/p - frilled lizard
Aim: a frilled lizard (heavily wounded, 48% to hit)
The zap hits the frilled lizard.
You kill the frilled lizard!
The zap hits the adder.
The adder is severely wounded.
The zap misses the goblin.
Your Conjurations skill increases to level 1!
You aren't carrying any items that you can evoke.
You aren't carrying any potions.
You aren't carrying any scrolls.
Unknown command.
You closely miss the adder.
The adder is severely wounded.
The adder bites you.
You are poisoned.
The adder poisons you! The adder bites you.
* * * LOW HITPOINT WARNING * * *
You are lethally poisoned!
The adder poisons you!
You hit the adder.
The adder is almost dead.
* * * LOW HITPOINT WARNING * * *
You feel very sick. The adder bites you.
* * * LOW HITPOINT WARNING * * *
You are more poisoned.
The adder poisons you!
You closely miss the adder.
The adder is almost dead.
* * * LOW HITPOINT WARNING * * *
You feel very sick. The adder barely misses you.
Unknown command.
You hit the adder but do no damage.
The adder is almost dead.
You die...

####### #.....# #@#
#S# #g# ## #.# .#
#.# .# ####)## .#
######.....# .#
#....g.....#
.#######.####.....#


You could see an adder and a goblin.

Vanquished Creatures
  A goblin (D:2)
  A frilled lizard (D:2)
2 creatures vanquished.

Notes
Turn   | Place    | Note
-------+----------+-------------------------------------------
     0 | D:1      | pkoi the Demigod Air Elementalist began the quest for the
                  | Orb.
     0 | D:1      | Reached XP level 1. HP: 14/14 MP: 5/5
    37 | D:1      | You fall into a shaft and drop 1 floor!
    74 | D:2      | Reached skill level 1 in Conjurations
    77 | D:2      | Succumbed to an adder's poison

Illustrated notes

Levels and vault maps discovered:
D:1:      lightli_arrival_flooded_house, layout_basic,
          dreamdust_ecumenical_altar_angels_and_demons, fountainhead,
          minmay_cupped
D:2:      layout_basic, basic_altar

Skill      XL: |  1 |
---------------+----+-----
Conjurations   | 1 |  1.0
Dodging        | |  1.7
Stealth        | |  1.7
Spellcasting   | |  1.7
Air Magic      | |  2.8

Action                   || total
-------------------------++-------
Melee: Unarmed           ||     4
 Cast: Shock             ||     7
Dodge: Dodged            ||     4
